 Dungeon Crawl Stone Soup version 0.27-a0-1529-g1e82c303ef (webtiles) character file.

Game seed: 13386361088492063749

148 Hasart the Chopper (level 4, 0/39 HPs)
             Began as a Demigod Fighter on July 12, 2021.
             Slain by Grinder (6 damage)
             ... on level 3 of the Dungeon.
             The game lasted 00:02:47 (2927 turns).

Hasart the Chopper (Demigod Fighter)                Turns: 2927, Time: 00:02:47

Health: 0/39       AC:  6    Str: 21    XL:     4   Next: 82%
Magic:  6/6        EV: 11    Int: 10    God:
Gold:   104        SH: 10    Dex: 19    Spells: 3/3 levels left

rFire    . . .     SeeInvis .   a - +0 war axe
rCold    . . .     Faith    .   c - +0 kite shield
rNeg     . . .     Spirit   .   b - +0 scale mail
rPois    .         Reflect  .   (no helmet)
rElec    .         Harm     .   (no cloak)
rCorr    .         Rampage  .   (no gloves)
Will     .....                  (no boots)
Stlth    ..........             (no amulet)
HPRegen  0.13/turn              f - +6 ring of dexterity
MPRegen  0.10/turn              k - +4 ring of evasion

@: no status effects
A: high mp 1, forlorn
a: no special abilities


You were on level 3 of the Dungeon.
You visited 1 branch of the dungeon, and saw 3 of its levels.

You collected 104 gold pieces.

Inventory:

Hand Weapons
 a - a +0 war axe (weapon)
Missiles
 g - 19 poisoned darts (quivered)
Armour
 b - a +0 scale mail (worn)
 c - a +0 kite shield (worn)
Jewellery
 f - a +6 ring of dexterity (left hand)
 k - a +4 ring of evasion (right hand)
Potions
 d - a potion of might
 e - a potion of attraction {unknown}
 h - a potion of mutation {unknown}
 i - a potion of magic {unknown}
 j - a potion of curing {unknown}


   Skills:
 + Level 3.6 Fighting
 * Level 3.8 Axes
 + Level 1.3 Throwing
 - Level 2.6 Armour
 - Level 2.6 Shields


You had 3 spell levels left.
You didn't know any spells.
Your spell library was empty.

Dungeon Overview and Level Annotations

Branches:
Dungeon (3/15)

Annotations:
D:3 Grinder


Innate Abilities, Weirdness & Mutations

Your attributes grow dramatically as you level up.
You have an increased reservoir of magic. (+10% MP)
You shall have no god before yourself.


Message History

You see here a jackal corpse.
There is a stone staircase leading down here.
You see here a scroll labelled XITAUNN SEAQI.
Grinder is nearby!
Grinder is nearby!
Grinder is nearby!
A rat comes into view.
You see here a +4 ring of evasion.
k - a +4 ring of evasion Grinder shouts!
You feel agile.
f - a +6 ring of dexterity (left hand)
k - a +4 ring of evasion (right hand)
You slash Grinder!
Grinder is moderately wounded.
Grinder completely misses you. Grinder hits you!
You writhe in agony.
You slash Grinder!
Grinder is heavily wounded.
Grinder barely misses you.
You closely miss Grinder.
Grinder is heavily wounded.
You barely miss the rat.
Grinder blinks!
You block the rat's attack. The rat bites you.
Grinder says, "There's only one good use for a tongue: cutting it out."
The rat bites you. Grinder closely misses you. The rat closely misses you.
You closely miss Grinder.
Grinder is heavily wounded.
You hit the rat.
You kill the rat!
Grinder hits you but does no damage. Grinder hits you.
You barely miss Grinder.
Grinder is heavily wounded.
Grinder hits you.
You hit Grinder.
Grinder is severely wounded.
Grinder hits you!
* * * LOW HITPOINT WARNING * * *
You writhe in agony.
You die...

#.≈≈♣≈##.......#
#.≈P####.......#
##### #.......#
####.......#
...........#
...........#
...........#######
####....5........##
#....?@.........
#......†.....!..
######..........
+..........
#..........
#.<......##
#........#
#..(.....#
#######.##


You could see Grinder.

Vanquished Creatures
  Natasha (thrice) (D:2)
  2 adders (D:2)
  2 dart slugs
  7 bats
  5 endoplasms
  5 giant cockroaches
  6 goblins
  2 hobgoblins (D:1)
  10 jackals
  3 ball pythons
  2 frilled lizards
  A kobold (D:2)
  2 rats
50 creatures vanquished.

Notes
Turn   | Place    | Note
-------+----------+-------------------------------------------
     0 | D:1      | Hasart the Demigod Fighter began the quest for the Orb.
     0 | D:1      | Reached XP level 1. HP: 18/18 MP: 3/3
   309 | D:1      | Reached XP level 2. HP: 23/25 MP: 4/4
  1225 | D:2      | Reached XP level 3. HP: 31/31 MP: 5/5
  1480 | D:2      | Noticed Natasha
  1484 | D:2      | Killed Natasha
  1901 | D:2      | Reached XP level 4. HP: 37/38 MP: 6/6
  1917 | D:2      | Noticed Natasha
  1929 | D:2      | Killed Natasha
  1930 | D:2      | Reached skill level 1 in Throwing
  2125 | D:2      | Noticed Natasha
  2141 | D:2      | Killed Natasha
  2684 | D:3      | Noticed Grinder
  2927 | D:3      | Slain by Grinder

Illustrated notes

Levels and vault maps discovered:
D:1:      tarquinn_simple_flora_water_e, layout_basic,
          dreamdust_ecumenical_altar_statues
D:2:      layout_loops_corners, uniq_natasha
D:3:      layout_basic, serial_bayou_pond_d, due_unseen_surprise,
          uniq_crazy_yiuf_cottage, uniq_grinder, uniq_sigmund

Skill      XL: |  1  2  3  4 |
---------------+-------------+-----
Axes           | 2 3 |  3.8
Fighting       | 3 |  3.6
Throwing       | 1 |  1.3
Armour         | |  2.6
Shields        | |  2.6

Action                   |  1- 3 |  4- 6 || total
-------------------------+-------+-------++-------
Melee: War axe           |    98 |    64 ||   162
  Use: Scroll            |       |     1 ||     1
Armor: Scale mail        |    72 |    28 ||   100
Dodge: Dodged            |    38 |    25 ||    63
Block: Kite shield       |    69 |    35 ||   104

Table legend: (Time is in decaauts)
 A = Elapsed time spent in this place.
 B = Non-inter-level travel time spent in this place.
 C = Inter-level travel time spent in this place.
 D = Time resting spent in this place.
 E = Time spent auto-exploring this place.
 F = Levels seen in this place.
 G = Mean time per level.
                   A        B        C        D        E       F      G
               +--------+--------+--------+--------+--------+-----+--------+
         Total |   3054 |   2962 |     92 |    199 |   2318 |   3 | 1018.0 |
       Dungeon |   3054 |   2962 |     92 |    199 |   2318 |   3 | 1018.0 |
               +--------+--------+--------+--------+--------+-----+--------+

Top non-repeatable levels by time:
     D:2: 1828 daAuts
     D:1: 1006 daAuts
     D:3: 219 daAuts
